 Dungeon Crawl Stone Soup version 0.30.1-9-gdf580d7c3d (webtiles) character file.

Game seed: 5524540140636511997

35 monsoonserge the Grasshopper (level 3, -1/27 HPs)
             Began as a Demonspawn Warper on Oct 17, 2023.
             Slain by an orc wizard
             ... wielding a +0 dagger
              (2 damage)
             ... on level 2 of the Dungeon.
             The game lasted 00:04:34 (990 turns).

monsoonserge the Grasshopper (Demonspawn Warper)     Turns: 990, Time: 00:04:35

Health: -1/27      AC:  5    Str: 11    XL:     3   Next: 17%
Magic:  5/6        EV: 10    Int: 16    God:
Gold:   94         SH:  0    Dex: 12    Spells: 4/6 levels left

rFire   . . .        a - +0 falchion
rCold   . . .        (no shield)
rNeg    + . .        n - +0 ring mail
rPois   +            (no helmet)
rElec   .            (no cloak)
rCorr   .            (no gloves)
SInv    .            (no boots)
Will    .....        (no amulet)
Stlth   +            r - ring of positive energy
HPRegen 0.24/turn    s - ring of poison resistance
MPRegen 0.10/turn

%: no passive effects
@: hasted, slow
A: foul stench 1, powered by death 1
a: no special abilities


You were on level 2 of the Dungeon.
You visited 1 branch of the dungeon, and saw 2 of its levels.

You collected 94 gold pieces.

Inventory:

Hand Weapons
 a - a +0 falchion (weapon)
 g - a +0 sling
 h - a +0 dagger
 i - a +0 short sword
Missiles
 d - 7 boomerangs of dispersal (quivered)
 t - 5 javelins
Armour
 b - a +0 leather armour
 n - a +0 ring mail (worn)
Jewellery
 q - a ring of fire
 r - a ring of positive energy (left hand)
 s - a ring of poison resistance (right hand)
Scrolls
 c - a scroll of blinking
 f - 2 scrolls of teleportation {unknown}
 j - 2 scrolls of noise {unknown}
 l - 2 scrolls of identify {unknown}
 m - a scroll of vulnerability {unknown}
Potions
 e - a potion of invisibility {unknown}
 k - a potion of heal wounds {unknown}
 o - a potion of haste
 p - a potion of flight {unknown}


   Skills:
 + Level 2.1 Fighting
 + Level 2.1 Long Blades
 + Level 0.8 Throwing
 * Level 1.8 Armour
 + Level 2.0 Dodging
 + Level 2.0 Spellcasting
 + Level 3.0 Translocations


You had 4 spell levels left.
You knew the following spells:

 Your Spells              Type           Power      Damage    Failure   Level
a - Blink                 Tloc           22%        N/A       22%         2

Your spell library contained the following spells:

 Spells                   Type           Power      Damage    Failure   Level
 Lesser Beckoning         Tloc           22%        N/A       22%         2
 Teleport Other           Tloc           11%        N/A       38%         3
 Cigotuvi's Dreadful Rot  Necr/Pois/Air  2%         N/A       58%         2
 Vhi's Electric Charge    Tloc/Air       12%        N/A       61%         3
 Manifold Assault         Tloc           11%        N/A       80%         4
 Alistair's Intoxication  Tmut/Pois      0%         N/A       100%        5
 Yara's Violent Unravell  Hex/Tmut       0%         3d3       100%        5
 Eringya's Noxious Bog    Tmut/Pois      0%         N/A       100%        6


Dungeon Overview and Level Annotations

Branches:
Dungeon (2/15)

Altars:
Nemelex Xobeh


Innate Abilities, Weirdness & Mutations

You may rarely emit foul miasma when damaged in melee.
You regenerate a little health from kills.


Message History

The orc is lightly wounded.
The orc hits you but does no damage.
The orc wizard gestures wildly while chanting.
The orc wizard flickers and vanishes!
Deactivating autopickup; reactivate with Ctrl-A.
You hit the orc but do no damage.
The orc is lightly wounded.
The orc hits you with a +0 dagger.
* * * LOW HITPOINT WARNING * * *
The orc hits you with a +0 dagger.
* * * LOW HITPOINT WARNING * * *
Casting: Blink (safe; 22% risk of failure)
Confirm with . or Enter, or press ? or * to list all spells.
You blink.
You feel stable enough to blink again.
An endoplasm comes into view.
You enter the shallow water.
Moving in this stuff is going to be slow.
An orc comes into view. It is wielding a +0 club.
The orc shouts!
You hit the plant.
The plant begins to die.
The plant is lightly damaged.
An orc comes into view. It is wielding a +0 whip.
The endoplasm hits you.
* * * LOW HITPOINT WARNING * * *
Unknown command.
It was a potion of haste.
You feel yourself speed up. The endoplasm barely misses you.
Your unstable footing causes you to fumble your attack.
You completely miss the endoplasm. The endoplasm misses you.
The orc hits you but does no damage.
You hit the endoplasm.
The endoplasm is heavily wounded.
The endoplasm closely misses you. The orc hits you with a +0 dagger.
* * * LOW HITPOINT WARNING * * *
Unknown command.
You slash the endoplasm!
You kill the endoplasm!
A nearby plant withers and dies.
Something hits you.
You die...

##.#####...........# #.###
#..# ♣♣♣.......#.# #.... #.##
♣♣♣♣.....#.# ######..#. ..o#
♣~~♣~....#.# ##......... .##~
~P~PPP~.o.#.# #.......... .
♣~ ~~~.~~~......# #..........
~.~.~......oo..####..........
...........o..# #......)....
..~..~~..P~@♣♣###.......)...
..PP~~P~PP~~~♣...........(#
P~~PPP~≈~~~~~~♣##..........
~~~P≈~~≈~P~~~♣# #..........
~~~≈≈≈≈~~~~♣~# #..........
PP~~~~~~♣♣♣#.# #..........
~~~PPPP#.# #.####..........
♣~♣♣♣~##.###....##........#
##.....#####...........


You could see 4 orcs.

Vanquished Creatures
  6 endoplasms
  2 giant cockroaches (D:1)
  7 goblins
  A hobgoblin (D:1)
  3 jackals (D:1)
  3 quokkas (D:1)
  A ball python (D:1)
  A bat (D:2)
  2 frilled lizards (D:2)
  3 kobolds
  2 rats
31 creatures vanquished.

Notes
Turn   | Place    | Note
-------+----------+-------------------------------------------
     0 | D:1      | monsoonserge the Demonspawn Warper began the quest for the
                  | Orb.
     0 | D:1      | Reached XP level 1. HP: 16/16 MP: 3/3
    39 | D:1      | Reached skill level 1 in Armour
    48 | D:1      | Got the Codex of the Unstable Black Widow
   230 | D:1      | Gained mutation: You regenerate a little health from kills.
                  | [demonic ancestry]
   230 | D:1      | Reached XP level 2. HP: 15/22 MP: 5/5
   233 | D:1      | Learned a level 2 spell: Blink
   495 | D:1      | Reached skill level 3 in Translocations
   549 | D:2      | Found a sparkling altar of Nemelex Xobeh.
   779 | D:2      | Gained mutation: You may rarely emit foul miasma when
                  | damaged in melee. [demonic ancestry]
   779 | D:2      | Reached XP level 3. HP: 25/27 MP: 6/6
   972 | D:2      | HP: 1/27 [orc/+0 dagger (3)]
   985 | D:2      | HP: 1/27 [endoplasm (3)]
   990 | D:2      | Slain by an orc wizard

Illustrated notes

Levels and vault maps discovered:
D:1:      lightli_arrival_chessboard, layout_rooms, minmay_tetromino_s2
D:2:      layout_rooms, basic_altar, serial_bayou, serial_bayou_ford_a,
          serial_bayou_pond_e, serial_bayou_lake_a, serial_bayou_pond_b,
          small_statue_intersection, dreamdust_princess_bridge

Skill      XL: |  1  2 |
---------------+-------+-----
Armour         | 1 |  1.8
Translocations | 3 |  3.0
Long Blades    | 2 |  2.1
Dodging        | 2 |  2.0
Fighting       | |  2.1
Throwing       | |  0.8
Spellcasting   | |  2.0

Action                     || total
---------------------------++-------
  Melee: Falchion          ||   103
         Punch             ||     1
   Cast: Blink             ||     1
    Use: Potion            ||     1
 Armour: Leather armour    ||    18
         Ring mail         ||    22
  Dodge: Dodged            ||    77
